2901 views
Uploaded 2020-03-07 19:33:41
Game version 1.32.2
26:42 long 4on4 ladder game on (8)Feralas_LV
Saved by BEARAND
2901 views
Uploaded 2020-03-07 19:33:41
Game version 1.32.2
26:42 long 4on4 ladder game on (8)Feralas_LV


150 units @ 17.9k
/ 2.8k
225 buildings @ 20.5k
/ 11.4k



| Rod of Necromancy | 1 | 150 |
| Ritual Dagger | 1 | 125 |
| Lesser Clarity Potion | 1 | 70 |
| Orb of Corruption | 3 | 1125 |
| Boots of Speed | 2 | 500 |
| Staff of Teleportation | 1 | 150 |
| Circlet of Nobility | 1 | 175 |
| total: | 10 | 2295g |
| Acolyte | 7 | 525 | / | 0 |
| Ghoul | 13 | 1560 | / | 0 |
| Obsidian Statue | 2 | 400 | / | 70 |
| total: | 22 | 2485g | / | 70w |
| Nerubian Tower | 2 | 200 | / | 40 |
| Spirit Tower | 4 | 580 | / | 160 |
| Crypt | 1 | 200 | / | 50 |
| Altar of Darkness | 1 | 180 | / | 50 |
| Ziggurat | 6 | 900 | / | 300 |
| Tomb of Relics | 4 | 520 | / | 120 |
| Graveyard | 1 | 215 | / | 0 |
| Slaughterhouse | 1 | 140 | / | 135 |
| Halls of the Dead | 1 | 320 | / | 210 |
| Black Citadel | 1 | 325 | / | 230 |
| total: | 14 | 2155g | / | 655w |
| 0:01 | Acolyte |
| 0:04 | Acolyte |
| 0:17 | Crypt |
| 0:34 | Altar of Darkness |
| 0:40 | Ziggurat |
| 1:05 | Tomb of Relics |
| 1:21 | Ghoul |
| 1:36 | Graveyard |
| 1:46 | Ghoul |
| 2:08 | Ghoul |
| 2:13 | Ziggurat |
| 2:26 | Nerubian Tower |
| 2:41 | Death Coil |
| 2:43 | Rod of Necromancy |
| 2:44 | Ritual Dagger |
| 3:03 | Ghoul |
| 3:18 | Ghoul |
| 3:44 | Ghoul |
| 4:31 | Ghoul |
| 4:46 | Halls of the Dead |
| 4:53 | Unholy Aura |
| 5:27 | Ghoul |
| 5:36 | Ziggurat |
| 5:57 | Ghoul |
| 6:09 | Ghoul |
| 7:15 | Acolyte |
| 7:15 | Acolyte |
| 7:52 | Acolyte |
| 7:52 | Acolyte |
| 7:52 | Acolyte |
| 7:56 | Death Coil |
| 8:16 | Slaughterhouse |
| 8:18 | Frost Nova |
| 8:51 | Black Citadel |
| 9:33 | Ziggurat |
| 10:42 | Obsidian Statue |
| 10:42 | Obsidian Statue |
| 10:46 | Nerubian Tower |
| 10:48 | Tomb of Relics |
| 11:01 | Ghoul |
| 11:31 | Ziggurat |
| 11:38 | Tomb of Relics |
| 11:40 | Ghoul Frenzy |
| 11:44 | Lesser Clarity Potion |
| 12:20 | Spirit Tower |
| 12:22 | Spirit Tower |
| 12:43 | Frost Armor |
| 12:53 | Impale |
| 14:18 | Spirit Tower |
| 14:28 | Tomb of Relics |
| 14:29 | Ziggurat |
| 14:36 | Orb of Corruption |
| 14:53 | Orb of Corruption |
| 15:45 | Spirit Tower |
| 15:53 | Unholy Aura |
| 15:56 | Spiked Carapace |
| 16:57 | Boots of Speed |
| 16:57 | Staff of Teleportation |
| 16:59 | Circlet of Nobility |
| 17:01 | Boots of Speed |
| 17:48 | Frost Nova |
| 18:17 | Orb of Corruption |
| 21:52 | Ghoul |
| 21:55 | Ghoul |
| 22:40 | Impale |
| 25:38 | Death Coil |
| 26:29 | Frost Armor |
| Right click | 977 |
| Select group | 825 |
| Assign group | 361 |
| Select | 259 |
| Resource trade | 234 |
| Build/train/purchase | 116 |
| Misc. action | 84 |
| Use ability | 49 |
| Chat | 18 |
| Item give/drop | 5 |
| Minimap ping | 4 |
| Remove unit | 2 |


| Healing Salve | 4 | 400 |
| Lesser Clarity Potion | 1 | 70 |
| Orb of Lightning | 1 | 375 |
| Scroll of Town Portal | 1 | 350 |
| Staff of Teleportation | 2 | 300 |
| Boots of Speed | 1 | 250 |
| Orb of Corruption | 1 | 375 |
| Staff of Sanctuary | 2 | 500 |
| total: | 13 | 2620g |
| Peon | 26 | 1950 | / | 0 |
| Troll Batrider | 12 | 1920 | / | 480 |
| total: | 38 | 3870g | / | 480w |
| Watch Tower | 20 | 2200 | / | 1600 |
| Altar of Storms | 1 | 180 | / | 50 |
| Orc Burrow | 8 | 1280 | / | 320 |
| War Mill | 1 | 205 | / | 0 |
| Voodoo Lounge | 3 | 390 | / | 90 |
| Great Hall | 2 | 770 | / | 370 |
| Beastiary | 4 | 580 | / | 560 |
| Stronghold | 1 | 315 | / | 190 |
| Fortress | 1 | 325 | / | 190 |
| total: | 39 | 5605g | / | 2990w |
| 0:00 | Peon |
| 0:05 | Altar of Storms |
| 0:11 | Peon |
| 0:18 | Orc Burrow |
| 0:23 | Peon |
| 0:32 | Peon |
| 0:48 | War Mill |
| 0:52 | Peon |
| 1:11 | Peon |
| 1:22 | Peon |
| 1:42 | Orc Burrow |
| 1:47 | Peon |
| 2:00 | Watch Tower |
| 2:02 | Peon |
| 2:08 | Voodoo Lounge |
| 2:11 | Wind Walk |
| 2:15 | Peon |
| 2:34 | Watch Tower |
| 2:51 | Pillage |
| 3:14 | Stronghold |
| 3:18 | Watch Tower |
| 3:40 | Staff of Teleportation |
| 3:46 | Watch Tower |
| 4:37 | Healing Salve |
| 4:37 | Lesser Clarity Potion |
| 4:50 | Watch Tower |
| 4:50 | Watch Tower |
| 5:46 | Watch Tower |
| 5:47 | Watch Tower |
| 6:23 | Great Hall |
| 6:29 | Critical Strike |
| 6:38 | Healing Salve |
| 6:45 | Healing Wave |
| 6:55 | Staff of Teleportation |
| 6:55 | Boots of Speed |
| 7:03 | Watch Tower |
| 7:03 | Watch Tower |
| 7:20 | Fortress |
| 7:54 | Watch Tower |
| 7:55 | Watch Tower |
| 8:46 | Healing Salve |
| 8:51 | Beastiary |
| 8:52 | Beastiary |
| 8:59 | Peon |
| 9:00 | Peon |
| 9:32 | Steel Ranged Weapons |
| 9:35 | Watch Tower |
| 9:36 | Watch Tower |
| 9:36 | Peon |
| 9:36 | Peon |
| 9:53 | Hex |
| 10:02 | Wind Walk |
| 10:06 | Orc Burrow |
| 10:08 | Liquid Fire |
| 10:08 | Troll Batrider |
| 10:12 | Orb of Lightning |
| 10:14 | Healing Salve |
| 10:49 | Orc Burrow |
| 10:51 | Thorium Ranged Weapons |
| 11:00 | Troll Batrider |
| 11:32 | Voodoo Lounge |
| 11:34 | Voodoo Lounge |
| 11:50 | Troll Batrider |
| 12:59 | Scroll of Town Portal |
| 13:14 | Beastiary |
| 13:15 | Beastiary |
| 13:40 | Peon |
| 13:40 | Peon |
| 14:53 | Orb of Corruption |
| 15:30 | Orc Burrow |
| 15:30 | Orc Burrow |
| 16:43 | Peon |
| 16:43 | Peon |
| 17:00 | Peon |
| 17:03 | Troll Batrider |
| 17:09 | Steel Armor |
| 17:23 | Peon |
| 17:24 | Peon |
| 17:48 | Great Hall |
| 18:03 | Staff of Sanctuary |
| 18:12 | Staff of Sanctuary |
| 19:11 | Hex |
| 19:40 | Troll Batrider |
| 19:40 | Troll Batrider |
| 19:53 | Critical Strike |
| 20:40 | Troll Batrider |
| 21:07 | Troll Batrider |
| 21:14 | Orc Burrow |
| 21:19 | Orc Burrow |
| 22:58 | Peon |
| 22:58 | Peon |
| 22:58 | Peon |
| 22:59 | Peon |
| 23:03 | Troll Batrider |
| 23:17 | Troll Batrider |
| 23:28 | Watch Tower |
| 23:29 | Watch Tower |
| 24:06 | Healing Wave |
| 24:54 | Watch Tower |
| 24:55 | Watch Tower |
| 24:57 | Watch Tower |
| 24:58 | Watch Tower |
| 25:40 | Peon |
| 25:47 | Troll Batrider |
| 25:48 | Troll Batrider |
| Right click | 1224 |
| Select | 759 |
| Select group | 580 |
| Build/train/purchase | 248 |
| Assign group | 189 |
| Use ability | 57 |
| Minimap ping | 17 |
| Item give/drop | 6 |
| Resource trade | 5 |
| Chat | 4 |
| Misc. action | 3 |
| Remove unit | 1 |



| Lesser Clarity Potion | 1 | 70 |
| Staff of Sanctuary | 2 | 500 |
| Staff of Teleportation | 3 | 450 |
| Boots of Speed | 4 | 1000 |
| Periapt of Vitality | 2 | 650 |
| Circlet of Nobility | 2 | 350 |
| Healing Salve | 2 | 200 |
| Orb of Corruption | 2 | 750 |
| total: | 18 | 3970g |
| Peasant | 23 | 1725 | / | 0 |
| Dragonhawk Rider | 5 | 1000 | / | 150 |
| Siege Engine | 18 | 3510 | / | 1080 |
| Mortar Team | 1 | 180 | / | 70 |
| total: | 47 | 6415g | / | 1300w |
| Scout Tower | 89 | 2670 | / | 1780 |
| Arcane Tower | 5 | 350 | / | 250 |
| Guard Tower | 58 | 4060 | / | 2900 |
| Altar of Kings | 1 | 180 | / | 50 |
| Farm | 14 | 1120 | / | 280 |
| Lumber Mill | 1 | 120 | / | 0 |
| Town Hall | 1 | 385 | / | 205 |
| Blacksmith | 1 | 140 | / | 60 |
| Barracks | 1 | 160 | / | 60 |
| Arcane Vault | 3 | 390 | / | 90 |
| Gryphon Aviary | 2 | 280 | / | 300 |
| Arcane Sanctum | 1 | 150 | / | 140 |
| Workshop | 4 | 560 | / | 560 |
| Keep | 1 | 320 | / | 210 |
| Castle | 2 | 720 | / | 420 |
| total: | 118 | 6155g | / | 3525w |
| 0:03 | Peasant |
| 0:03 | Peasant |
| 0:09 | Altar of Kings |
| 0:15 | Peasant |
| 0:19 | Farm |
| 0:21 | Peasant |
| 0:37 | Peasant |
| 0:45 | Lumber Mill |
| 0:56 | Peasant |
| 0:58 | Peasant |
| 1:03 | Peasant |
| 1:20 | Scout Tower |
| 1:22 | Scout Tower |
| 1:25 | Farm |
| 1:26 | Peasant |
| 1:30 | Scout Tower |
| 1:34 | Peasant |
| 1:53 | Arcane Tower |
| 1:54 | Scout Tower |
| 1:56 | Scout Tower |
| 1:56 | Arcane Tower |
| 2:08 | Blizzard |
| 2:20 | Guard Tower |
| 2:21 | Scout Tower |
| 2:25 | Scout Tower |
| 2:34 | Scout Tower |
| 2:38 | Guard Tower |
| 2:51 | Guard Tower |
| 2:58 | Peasant |
| 2:59 | Peasant |
| 2:59 | Peasant |
| 2:59 | Peasant |
| 3:00 | Improved Masonry |
| 3:12 | Guard Tower |
| 3:19 | Guard Tower |
| 3:35 | Scout Tower |
| 3:39 | Scout Tower |
| 3:42 | Scout Tower |
| 3:43 | Scout Tower |
| 3:44 | Scout Tower |
| 3:44 | Scout Tower |
| 3:52 | Scout Tower |
| 4:01 | Keep |
| 4:02 | Guard Tower |
| 4:05 | Scout Tower |
| 4:07 | Scout Tower |
| 4:19 | Staff of Teleportation |
| 4:20 | Boots of Speed |
| 4:20 | Boots of Speed |
| 4:37 | Guard Tower |
| 4:37 | Guard Tower |
| 4:41 | Guard Tower |
| 4:51 | Scout Tower |
| 4:51 | Guard Tower |
| 4:51 | Guard Tower |
| 4:54 | Scout Tower |
| 4:59 | Guard Tower |
| 5:02 | Scout Tower |
| 5:02 | Scout Tower |
| 5:23 | Guard Tower |
| 5:24 | Guard Tower |
| 5:26 | Scout Tower |
| 5:26 | Scout Tower |
| 5:27 | Scout Tower |
| 5:27 | Scout Tower |
| 5:33 | Guard Tower |
| 6:18 | Town Hall |
| 6:20 | Guard Tower |
| 6:23 | Scout Tower |
| 6:34 | Brilliance Aura |
| 6:39 | Scout Tower |
| 6:40 | Scout Tower |
| 6:59 | Guard Tower |
| 6:59 | Guard Tower |
| 7:02 | Scout Tower |
| 7:03 | Scout Tower |
| 7:03 | Scout Tower |
| 7:03 | Scout Tower |
| 7:07 | Scout Tower |
| 7:52 | Farm |
| 7:54 | Advanced Masonry |
| 7:55 | Guard Tower |
| 8:20 | Guard Tower |
| 8:33 | Peasant |
| 8:51 | Scout Tower |
| 8:52 | Scout Tower |
| 8:52 | Scout Tower |
| 8:53 | Scout Tower |
| 8:53 | Scout Tower |
| 8:53 | Scout Tower |
| 8:55 | Guard Tower |
| 8:59 | Scout Tower |
| 9:00 | Scout Tower |
| 9:00 | Scout Tower |
| 9:00 | Scout Tower |
| 9:10 | Improved Lumber Harvesting |
| 9:12 | Blizzard |
| 9:21 | Guard Tower |
| 9:26 | Storm Bolt |
| 9:38 | Guard Tower |
| 9:40 | Scout Tower |
| 9:41 | Scout Tower |
| 9:43 | Scout Tower |
| 9:43 | Scout Tower |
| 10:40 | Guard Tower |
| 10:49 | Peasant |
| 10:49 | Peasant |
| 10:49 | Peasant |
| 10:49 | Peasant |
| 10:54 | Castle |
| 11:00 | Healing Salve |
| 11:00 | Lesser Clarity Potion |
| 11:09 | Guard Tower |
| 11:14 | Scout Tower |
| 11:20 | Healing Salve |
| 11:42 | Guard Tower |
| 11:43 | Peasant |
| 11:44 | Peasant |
| 11:44 | Peasant |
| 11:44 | Peasant |
| 12:04 | Boots of Speed |
| 12:07 | Periapt of Vitality |
| 12:07 | Circlet of Nobility |
| 12:16 | Gryphon Aviary |
| 12:16 | Gryphon Aviary |
| 12:20 | Farm |
| 12:21 | Farm |
| 12:23 | Blacksmith |
| 12:25 | Barracks |
| 12:49 | Orb of Corruption |
| 12:51 | Orb of Corruption |
| 13:13 | Guard Tower |
| 13:19 | Arcane Vault |
| 13:22 | Arcane Vault |
| 13:24 | Guard Tower |
| 13:31 | Scout Tower |
| 13:32 | Scout Tower |
| 13:32 | Scout Tower |
| 13:33 | Scout Tower |
| 13:33 | Scout Tower |
| 13:40 | Guard Tower |
| 13:45 | Scout Tower |
| 13:46 | Scout Tower |
| 13:46 | Scout Tower |
| 14:10 | Imbued Masonry |
| 14:15 | Guard Tower |
| 14:24 | Animal War Training |
| 14:25 | Dragonhawk Rider |
| 14:26 | Dragonhawk Rider |
| 14:26 | Dragonhawk Rider |
| 14:27 | Dragonhawk Rider |
| 14:41 | Scout Tower |
| 14:42 | Scout Tower |
| 14:43 | Scout Tower |
| 14:43 | Scout Tower |
| 14:43 | Scout Tower |
| 14:54 | Staff of Sanctuary |
| 14:58 | Staff of Teleportation |
| 15:14 | Holy Light |
| 15:17 | Staff of Sanctuary |
| 15:23 | Iron Forged Swords |
| 15:23 | Studded Leather Armor |
| 15:31 | Guard Tower |
| 15:51 | Bash |
| 16:00 | Divine Shield |
| 16:25 | Storm Bolt |
| 16:33 | Dragonhawk Rider |
| 16:34 | Guard Tower |
| 16:46 | Circlet of Nobility |
| 16:46 | Periapt of Vitality |
| 16:51 | Boots of Speed |
| 16:54 | Guard Tower |
| 16:56 | Arcane Vault |
| 17:02 | Staff of Teleportation |
| 17:19 | Scout Tower |
| 17:19 | Scout Tower |
| 17:20 | Scout Tower |
| 17:20 | Scout Tower |
| 17:21 | Scout Tower |
| 17:23 | Cloud |
| 17:26 | Scout Tower |
| 17:27 | Scout Tower |
| 17:27 | Scout Tower |
| 17:28 | Scout Tower |
| 17:28 | Scout Tower |
| 17:28 | Scout Tower |
| 17:35 | Scout Tower |
| 18:20 | Guard Tower |
| 19:21 | Scout Tower |
| 19:25 | Scout Tower |
| 19:26 | Scout Tower |
| 19:27 | Scout Tower |
| 19:27 | Scout Tower |
| 19:27 | Scout Tower |
| 19:28 | Scout Tower |
| 19:29 | Scout Tower |
| 19:29 | Scout Tower |
| 19:29 | Scout Tower |
| 19:30 | Scout Tower |
| 19:30 | Scout Tower |
| 19:35 | Scout Tower |
| 19:35 | Scout Tower |
| 19:35 | Scout Tower |
| 20:15 | Guard Tower |
| 20:16 | Scout Tower |
| 20:19 | Arcane Tower |
| 20:19 | Guard Tower |
| 20:20 | Guard Tower |
| 20:22 | Arcane Sanctum |
| 20:23 | Guard Tower |
| 20:26 | Guard Tower |
| 20:28 | Guard Tower |
| 20:57 | Guard Tower |
| 21:25 | Workshop |
| 21:46 | Black Gunpowder |
| 21:48 | Farm |
| 21:48 | Farm |
| 21:48 | Farm |
| 21:49 | Farm |
| 21:49 | Farm |
| 21:52 | Farm |
| 22:39 | Brilliance Aura |
| 22:45 | Holy Light |
| 22:58 | Workshop |
| 23:01 | Siege Engine |
| 23:03 | Siege Engine |
| 23:03 | Siege Engine |
| 23:03 | Siege Engine |
| 23:03 | Siege Engine |
| 23:04 | Workshop |
| 23:24 | Refined Gunpowder |
| 23:28 | Workshop |
| 24:00 | Siege Engine |
| 24:11 | Bash |
| 24:15 | Mortar Team |
| 24:16 | Siege Engine |
| 24:16 | Siege Engine |
| 24:16 | Siege Engine |
| 24:16 | Siege Engine |
| 24:28 | Siege Engine |
| 24:28 | Siege Engine |
| 24:28 | Siege Engine |
| 24:28 | Siege Engine |
| 24:44 | Magic Sentry |
| 24:51 | Siege Engine |
| 24:51 | Siege Engine |
| 25:33 | Farm |
| 25:33 | Farm |
| 25:33 | Farm |
| 25:36 | Siege Engine |
| 25:36 | Siege Engine |
| 25:38 | Imbued Gunpowder |
| 26:40 | Divine Shield |
| Right click | 2001 |
| Select | 702 |
| Select group | 355 |
| Build/train/purchase | 230 |
| Use ability | 70 |
| Misc. action | 65 |
| Chat | 18 |
| Assign group | 11 |
| Remove unit | 5 |
| Minimap ping | 5 |
| Resource trade | 5 |
| Item give/drop | 4 |


| Healing Salve | 1 | 100 |
| Lesser Clarity Potion | 2 | 140 |
| Orb of Lightning | 2 | 750 |
| Boots of Speed | 2 | 500 |
| Staff of Teleportation | 2 | 300 |
| Circlet of Nobility | 1 | 175 |
| Periapt of Vitality | 1 | 325 |
| total: | 11 | 2290g |
| Peon | 20 | 1500 | / | 0 |
| Troll Batrider | 23 | 3680 | / | 920 |
| total: | 43 | 5180g | / | 920w |
| Watch Tower | 45 | 4950 | / | 3600 |
| Altar of Storms | 1 | 180 | / | 50 |
| Orc Burrow | 3 | 480 | / | 120 |
| War Mill | 1 | 205 | / | 0 |
| Voodoo Lounge | 1 | 130 | / | 30 |
| Great Hall | 1 | 385 | / | 185 |
| Beastiary | 2 | 290 | / | 280 |
| Stronghold | 1 | 315 | / | 190 |
| Fortress | 1 | 325 | / | 190 |
| total: | 54 | 6620g | / | 4265w |
| 0:04 | Peon |
| 0:04 | Peon |
| 0:06 | Altar of Storms |
| 0:15 | Orc Burrow |
| 0:32 | War Mill |
| 0:40 | Peon |
| 0:40 | Peon |
| 0:56 | Peon |
| 1:07 | Peon |
| 1:07 | Peon |
| 1:14 | Voodoo Lounge |
| 1:24 | Peon |
| 1:34 | Peon |
| 1:34 | Peon |
| 1:44 | Orc Burrow |
| 2:02 | Peon |
| 2:07 | Wind Walk |
| 2:09 | Watch Tower |
| 2:29 | Watch Tower |
| 2:34 | Watch Tower |
| 2:39 | Peon |
| 2:39 | Peon |
| 3:13 | Peon |
| 3:15 | Watch Tower |
| 4:07 | Watch Tower |
| 4:08 | Peon |
| 4:09 | Spiked Barricades |
| 4:10 | Peon |
| 4:18 | Watch Tower |
| 4:25 | Watch Tower |
| 4:33 | Healing Salve |
| 4:33 | Lesser Clarity Potion |
| 5:13 | Watch Tower |
| 5:21 | Critical Strike |
| 5:23 | Watch Tower |
| 5:24 | Stronghold |
| 5:29 | Watch Tower |
| 5:37 | Great Hall |
| 5:59 | Boots of Speed |
| 6:18 | Watch Tower |
| 6:29 | Watch Tower |
| 6:33 | Watch Tower |
| 7:13 | Lesser Clarity Potion |
| 7:20 | Watch Tower |
| 7:30 | Watch Tower |
| 7:41 | Watch Tower |
| 8:16 | Fortress |
| 8:18 | Beastiary |
| 8:27 | Watch Tower |
| 8:37 | Watch Tower |
| 8:43 | Hex |
| 8:47 | Peon |
| 8:47 | Peon |
| 8:47 | Peon |
| 8:48 | Peon |
| 9:06 | Watch Tower |
| 9:29 | Troll Batrider |
| 9:29 | Troll Batrider |
| 9:37 | Watch Tower |
| 10:30 | Watch Tower |
| 10:33 | Watch Tower |
| 10:40 | Troll Batrider |
| 10:40 | Troll Batrider |
| 10:45 | Beastiary |
| 10:47 | Steel Ranged Weapons |
| 10:50 | Watch Tower |
| 11:20 | Wind Walk |
| 11:22 | Orb of Lightning |
| 11:37 | Watch Tower |
| 11:40 | Watch Tower |
| 11:48 | Orc Burrow |
| 11:50 | Reinforced Defenses |
| 11:58 | Boots of Speed |
| 12:02 | Staff of Teleportation |
| 12:25 | Liquid Fire |
| 12:30 | Watch Tower |
| 13:10 | Troll Batrider |
| 13:12 | Thorium Ranged Weapons |
| 13:13 | Troll Batrider |
| 13:28 | Healing Wave |
| 14:04 | Troll Batrider |
| 14:04 | Troll Batrider |
| 14:04 | Troll Batrider |
| 14:05 | Troll Batrider |
| 14:25 | Watch Tower |
| 14:25 | Watch Tower |
| 14:28 | Watch Tower |
| 14:35 | Watch Tower |
| 14:36 | Watch Tower |
| 14:39 | Watch Tower |
| 14:43 | Watch Tower |
| 15:18 | Troll Batrider |
| 16:06 | Healing Wave |
| 16:08 | Critical Strike |
| 16:31 | Troll Batrider |
| 16:31 | Troll Batrider |
| 16:31 | Troll Batrider |
| 16:32 | Troll Batrider |
| 16:32 | Troll Batrider |
| 17:29 | Arcanite Ranged Weapons |
| 17:30 | Steel Armor |
| 17:35 | Watch Tower |
| 17:35 | Watch Tower |
| 17:36 | Watch Tower |
| 17:37 | Watch Tower |
| 17:39 | Watch Tower |
| 17:40 | Watch Tower |
| 17:41 | Watch Tower |
| 17:43 | Watch Tower |
| 17:59 | Orb of Lightning |
| 18:31 | Troll Batrider |
| 18:31 | Troll Batrider |
| 18:31 | Troll Batrider |
| 18:31 | Troll Batrider |
| 18:31 | Troll Batrider |
| 18:31 | Troll Batrider |
| 18:32 | Troll Batrider |
| 18:46 | Watch Tower |
| 18:47 | Watch Tower |
| 20:15 | Thorium Armor |
| 20:18 | Watch Tower |
| 20:19 | Watch Tower |
| 23:49 | Wind Walk |
| 24:21 | Staff of Teleportation |
| 24:21 | Circlet of Nobility |
| 24:22 | Periapt of Vitality |
| 24:42 | Hex |
| 26:25 | Healing Wave |
| 26:39 | Bladestorm |
| Right click | 1653 |
| Select group | 894 |
| Select | 242 |
| Build/train/purchase | 229 |
| Use ability | 84 |
| Misc. action | 46 |
| Minimap ping | 34 |
| Assign group | 18 |
| Resource trade | 12 |
| Item give/drop | 6 |
| Esc | 2 |
158 units @ 21.1k
/ 2.5k
100 buildings @ 13.8k
/ 6.1k


| Acolyte | 16 | 1200 | / | 0 |
| Ghoul | 6 | 720 | / | 0 |
| Crypt Fiend | 13 | 2795 | / | 520 |
| Necromancer | 4 | 580 | / | 80 |
| Obsidian Statue | 4 | 800 | / | 140 |
| Frost Wyrm | 4 | 1540 | / | 480 |
| total: | 47 | 7635g | / | 1220w |
| Spirit Tower | 14 | 2030 | / | 560 |
| Altar of Darkness | 1 | 180 | / | 50 |
| Ziggurat | 18 | 2700 | / | 900 |
| Crypt | 1 | 200 | / | 50 |
| Graveyard | 1 | 215 | / | 0 |
| Tomb of Relics | 1 | 130 | / | 30 |
| Slaughterhouse | 1 | 140 | / | 135 |
| Temple of the Damned | 2 | 310 | / | 280 |
| Sacrificial Pit | 1 | 75 | / | 150 |
| Boneyard | 2 | 350 | / | 400 |
| Halls of the Dead | 1 | 320 | / | 210 |
| Black Citadel | 2 | 650 | / | 460 |
| total: | 28 | 4300g | / | 1995w |
| 0:14 | Altar of Darkness |
| 0:21 | Ziggurat |
| 0:23 | Acolyte |
| 0:23 | Acolyte |
| 0:48 | Crypt |
| 0:58 | Acolyte |
| 1:24 | Ziggurat |
| 1:50 | Ghoul |
| 1:50 | Ghoul |
| 1:52 | Ghoul |
| 2:22 | Unholy Aura |
| 2:58 | Graveyard |
| 3:05 | Tomb of Relics |
| 4:25 | Crypt Fiend |
| 4:26 | Crypt Fiend |
| 4:26 | Crypt Fiend |
| 4:27 | Crypt Fiend |
| 4:27 | Crypt Fiend |
| 4:33 | Creature Attack |
| 4:33 | Creature Carapace |
| 4:38 | Spirit Tower |
| 4:48 | Spirit Tower |
| 5:41 | Halls of the Dead |
| 5:44 | Crypt Fiend |
| 6:03 | Ziggurat |
| 6:12 | Ziggurat |
| 6:37 | Unholy Strength |
| 6:37 | Unholy Armor |
| 7:21 | Ziggurat |
| 8:19 | Slaughterhouse |
| 8:22 | Ziggurat |
| 8:50 | Temple of the Damned |
| 8:53 | Spirit Tower |
| 8:55 | Spirit Tower |
| 8:58 | Improved Creature Attack |
| 8:58 | Improved Creature Carapace |
| 9:05 | Sacrificial Pit |
| 9:11 | Web |
| 9:30 | Crypt Fiend |
| 10:00 | Death Coil |
| 10:44 | Acolyte |
| 10:44 | Acolyte |
| 10:44 | Acolyte |
| 10:45 | Acolyte |
| 10:46 | Acolyte |
| 11:01 | Necromancer Adept Training |
| 11:02 | Skeletal Mastery |
| 12:03 | Ziggurat |
| 12:04 | Ziggurat |
| 12:05 | Ziggurat |
| 13:15 | Spirit Tower |
| 13:18 | Spirit Tower |
| 13:55 | Temple of the Damned |
| 14:01 | Ziggurat |
| 14:05 | Ziggurat |
| 14:13 | Acolyte |
| 14:13 | Acolyte |
| 14:13 | Acolyte |
| 14:13 | Acolyte |
| 14:13 | Acolyte |
| 14:18 | Spirit Tower |
| 15:35 | Ziggurat |
| 15:37 | Ziggurat |
| 15:51 | Spirit Tower |
| 15:52 | Spirit Tower |
| 15:57 | Black Citadel |
| 16:02 | Crypt Fiend |
| 16:03 | Crypt Fiend |
| 16:03 | Crypt Fiend |
| 16:03 | Crypt Fiend |
| 16:03 | Crypt Fiend |
| 16:03 | Crypt Fiend |
| 16:32 | Acolyte |
| 16:32 | Acolyte |
| 16:38 | Spirit Tower |
| 16:40 | Spirit Tower |
| 16:46 | Necromancer |
| 16:46 | Necromancer |
| 16:51 | Obsidian Statue |
| 16:52 | Obsidian Statue |
| 17:16 | Improved Unholy Strength |
| 17:17 | Improved Unholy Armor |
| 18:06 | Death Pact |
| 18:16 | Acolyte |
| 18:31 | Obsidian Statue |
| 18:31 | Obsidian Statue |
| 18:35 | Necromancer |
| 18:35 | Necromancer |
| 18:39 | Black Citadel |
| 18:51 | Ziggurat |
| 18:56 | Ziggurat |
| 20:00 | Spirit Tower |
| 20:02 | Spirit Tower |
| 21:01 | Boneyard |
| 21:03 | Boneyard |
| 21:15 | Ziggurat |
| 21:43 | Frost Nova |
| 21:50 | Advanced Creature Attack |
| 21:51 | Advanced Creature Carapace |
| 21:57 | Ghoul |
| 21:57 | Ghoul |
| 21:58 | Ghoul |
| 22:39 | Spirit Tower |
| 23:08 | Ziggurat |
| 23:09 | Ziggurat |
| 23:37 | Freezing Breath |
| 23:48 | Frost Wyrm |
| 23:49 | Frost Wyrm |
| 25:33 | Frost Wyrm |
| 25:52 | Frost Wyrm |
| Right click | 495 |
| Select | 371 |
| Build/train/purchase | 88 |
| Minimap ping | 14 |
| Chat | 12 |
| Use ability | 5 |
| Misc. action | 2 |
| Remove unit | 2 |

| Moonstone | 1 | 50 |
| Lesser Clarity Potion | 1 | 70 |
| Scroll of Town Portal | 1 | 350 |
| Scroll of Regeneration | 1 | 100 |
| total: | 4 | 570g |
| Wisp | 33 | 1980 | / | 0 |
| Archer | 7 | 910 | / | 70 |
| Hippogryph | 4 | 640 | / | 80 |
| Forest Troll Berserker | 1 | 245 | / | 30 |
| Forest Troll Shadow Priest | 1 | 195 | / | 10 |
| Footman | 2 | 270 | / | 0 |
| Dragonhawk Rider | 6 | 1200 | / | 180 |
| Gryphon Rider | 7 | 1960 | / | 490 |
| total: | 61 | 7400g | / | 860w |
| Ancient of War | 2 | 300 | / | 120 |
| Moon Well | 5 | 900 | / | 200 |
| Altar of Elders | 1 | 180 | / | 50 |
| Tree of Life | 3 | 1020 | / | 555 |
| Ancient of Wonders | 1 | 90 | / | 30 |
| Hunter's Hall | 1 | 210 | / | 100 |
| Ancient of Wind | 3 | 450 | / | 420 |
| Tree of Ages | 1 | 320 | / | 180 |
| Scout Tower | 13 | 390 | / | 260 |
| Guard Tower | 5 | 350 | / | 250 |
| Arcane Tower | 1 | 70 | / | 50 |
| Farm | 9 | 720 | / | 180 |
| Lumber Mill | 1 | 120 | / | 0 |
| Town Hall | 2 | 770 | / | 410 |
| Arcane Vault | 1 | 130 | / | 30 |
| Gryphon Aviary | 5 | 700 | / | 750 |
| Keep | 1 | 320 | / | 210 |
| Castle | 1 | 360 | / | 210 |
| total: | 47 | 5980g | / | 3105w |
| 0:02 | Wisp |
| 0:03 | Wisp |
| 0:09 | Wisp |
| 0:13 | Wisp |
| 0:17 | Ancient of War |
| 0:20 | Moon Well |
| 0:30 | Wisp |
| 0:44 | Altar of Elders |
| 1:13 | Wisp |
| 1:18 | Archer |
| 1:21 | Wisp |
| 1:27 | Moon Well |
| 1:38 | Archer |
| 1:48 | Wisp |
| 1:59 | Archer |
| 2:03 | Wisp |
| 2:15 | Wisp |
| 2:15 | Wisp |
| 2:19 | Ancient of War |
| 2:26 | Wisp |
| 2:40 | Cluster Rockets |
| 2:55 | Wisp |
| 2:56 | Wisp |
| 2:59 | Archer |
| 3:17 | Wisp |
| 3:17 | Wisp |
| 3:34 | Archer |
| 3:34 | Archer |
| 3:44 | Wisp |
| 4:04 | Archer |
| 4:24 | Moon Well |
| 4:33 | Keep |
| 4:39 | Tree of Life |
| 4:47 | Farm |
| 4:47 | Farm |
| 4:57 | Tree of Life |
| 4:59 | Engineering Upgrade |
| 5:11 | Lumber Mill |
| 5:23 | Footman |
| 5:23 | Footman |
| 5:29 | Forest Troll Berserker |
| 5:56 | Forest Troll Shadow Priest |
| 6:14 | Storm Bolt |
| 6:16 | Cluster Rockets |
| 6:27 | Town Hall |
| 6:29 | Scout Tower |
| 6:29 | Scout Tower |
| 6:30 | Scout Tower |
| 6:32 | Town Hall |
| 6:59 | Wisp |
| 6:59 | Wisp |
| 7:00 | Wisp |
| 7:00 | Wisp |
| 7:00 | Wisp |
| 7:03 | Guard Tower |
| 7:06 | Scout Tower |
| 7:07 | Scout Tower |
| 7:08 | Scout Tower |
| 7:09 | Scout Tower |
| 7:09 | Scout Tower |
| 7:10 | Scout Tower |
| 7:11 | Scout Tower |
| 7:13 | Scout Tower |
| 7:13 | Scout Tower |
| 7:23 | Castle |
| 7:25 | Gryphon Aviary |
| 7:25 | Gryphon Aviary |
| 7:26 | Gryphon Aviary |
| 7:29 | Gryphon Aviary |
| 7:42 | Defend |
| 8:03 | Scout Tower |
| 8:09 | Tree of Ages |
| 8:13 | Guard Tower |
| 8:28 | Guard Tower |
| 8:43 | Arcane Tower |
| 8:44 | Guard Tower |
| 8:55 | Arcane Vault |
| 9:13 | Ancient of Wonders |
| 9:15 | Moon Well |
| 9:15 | Moon Well |
| 9:21 | Guard Tower |
| 9:31 | Gryphon Aviary |
| 9:35 | Dragonhawk Rider |
| 9:40 | Farm |
| 9:45 | Farm |
| 9:45 | Farm |
| 10:08 | Storm Hammers |
| 10:08 | Cloud |
| 10:09 | Dragonhawk Rider |
| 10:11 | Gryphon Rider |
| 10:12 | Dragonhawk Rider |
| 10:24 | Moonstone |
| 10:24 | Lesser Clarity Potion |
| 10:36 | Farm |
| 10:37 | Farm |
| 10:51 | Gryphon Rider |
| 10:54 | Farm |
| 11:01 | Wisp |
| 11:11 | Gryphon Rider |
| 11:15 | Farm |
| 11:26 | Gryphon Rider |
| 11:35 | Scroll of Regeneration |
| 11:44 | Wisp |
| 11:44 | Wisp |
| 11:44 | Wisp |
| 12:18 | Engineering Upgrade |
| 12:35 | Gryphon Rider |
| 12:37 | Ancient of Wind |
| 12:37 | Ancient of Wind |
| 12:38 | Ancient of Wind |
| 12:49 | Storm Bolt |
| 13:45 | Scroll of Town Portal |
| 13:55 | Dragonhawk Rider |
| 14:03 | Hippogryph |
| 14:03 | Hippogryph |
| 14:06 | Tree of Life |
| 14:38 | Hippogryph |
| 14:48 | Dragonhawk Rider |
| 14:48 | Gryphon Rider |
| 14:50 | Wisp |
| 14:50 | Wisp |
| 15:14 | Hunter's Hall |
| 16:15 | Dragonhawk Rider |
| 16:16 | Hippogryph |
| 17:07 | Wisp |
| 17:07 | Wisp |
| 17:07 | Wisp |
| 17:07 | Wisp |
| 17:07 | Wisp |
| 17:21 | Gryphon Rider |
| Select group | 1259 |
| Right click | 911 |
| Select | 456 |
| Assign group | 326 |
| Build/train/purchase | 101 |
| Use ability | 101 |
| Resource trade | 99 |
| Chat | 65 |
| Misc. action | 28 |
| Esc | 7 |
| Item give/drop | 4 |
| Minimap ping | 1 |

| Peasant | 11 | 825 | / | 0 |
| Footman | 8 | 1080 | / | 0 |
| total: | 19 | 1905g | / | 0w |
| Scout Tower | 1 | 30 | / | 20 |
| Arcane Tower | 3 | 210 | / | 150 |
| Altar of Kings | 1 | 180 | / | 50 |
| Farm | 3 | 240 | / | 60 |
| Barracks | 1 | 160 | / | 60 |
| Lumber Mill | 1 | 120 | / | 0 |
| total: | 7 | 730g | / | 190w |
| 0:02 | Peasant |
| 0:02 | Peasant |
| 0:17 | Altar of Kings |
| 0:24 | Farm |
| 0:31 | Barracks |
| 0:35 | Peasant |
| 0:48 | Peasant |
| 0:53 | Farm |
| 0:56 | Peasant |
| 1:10 | Peasant |
| 1:25 | Lumber Mill |
| 1:34 | Footman |
| 1:40 | Farm |
| 1:43 | Peasant |
| 1:55 | Footman |
| 1:55 | Footman |
| 1:55 | Footman |
| 2:07 | Scout Tower |
| 2:12 | Footman |
| 2:21 | Thunder Clap |
| 2:28 | Peasant |
| 2:47 | Arcane Tower |
| 2:56 | Peasant |
| 2:56 | Peasant |
| 2:56 | Peasant |
| 3:10 | Footman |
| 3:10 | Footman |
| 3:10 | Footman |
| Right click | 93 |
| Select | 60 |
| Select group | 42 |
| Assign group | 33 |
| Build/train/purchase | 26 |
| Misc. action | 10 |
| Remove unit | 1 |


| Rod of Necromancy | 1 | 150 |
| Potion of Healing | 3 | 450 |
| Lesser Clarity Potion | 1 | 70 |
| Potion of Mana | 1 | 200 |
| Dust of Appearance | 2 | 150 |
| Scroll of Town Portal | 1 | 350 |
| Orb of Fire | 1 | 325 |
| total: | 10 | 1695g |
| Acolyte | 11 | 825 | / | 0 |
| Ghoul | 8 | 960 | / | 0 |
| Crypt Fiend | 6 | 1290 | / | 240 |
| Obsidian Statue | 3 | 600 | / | 105 |
| Gargoyle | 3 | 525 | / | 90 |
| total: | 31 | 4200g | / | 435w |
| Nerubian Tower | 4 | 400 | / | 80 |
| Spirit Tower | 3 | 435 | / | 120 |
| Crypt | 2 | 400 | / | 100 |
| Altar of Darkness | 1 | 180 | / | 50 |
| Ziggurat | 8 | 1200 | / | 400 |
| Tomb of Relics | 1 | 130 | / | 30 |
| Graveyard | 1 | 215 | / | 0 |
| Necropolis | 1 | 225 | / | 0 |
| Slaughterhouse | 1 | 140 | / | 135 |
| Halls of the Dead | 1 | 320 | / | 210 |
| Black Citadel | 1 | 325 | / | 230 |
| Blacksmith | 1 | 140 | / | 60 |
| Farm | 2 | 160 | / | 40 |
| Tree of Eternity | 1 | 330 | / | 200 |
| total: | 18 | 2790g | / | 815w |
| 0:07 | Acolyte |
| 0:07 | Acolyte |
| 0:27 | Crypt |
| 0:30 | Altar of Darkness |
| 0:36 | Ziggurat |
| 0:59 | Tomb of Relics |
| 1:17 | Ziggurat |
| 1:29 | Ghoul |
| 1:41 | Ghoul |
| 1:43 | Acolyte |
| 1:58 | Ghoul |
| 2:10 | Ghoul |
| 2:35 | Breath of Fire |
| 2:49 | Ghoul |
| 2:54 | Ziggurat |
| 3:10 | Dust of Appearance |
| 3:11 | Rod of Necromancy |
| 3:21 | Ghoul |
| 3:51 | Nerubian Tower |
| 4:09 | Ziggurat |
| 4:37 | Acolyte |
| 4:57 | Cannibalize |
| 4:58 | Halls of the Dead |
| 5:08 | Blacksmith |
| 5:22 | Nerubian Tower |
| 5:23 | Nerubian Tower |
| 5:48 | Graveyard |
| 5:51 | Ghoul |
| 6:15 | Farm |
| 6:28 | Ghoul |
| 7:13 | Crypt Fiend |
| 7:45 | Acolyte |
| 7:53 | Web |
| 8:07 | Crypt |
| 8:21 | Acolyte |
| 8:36 | Ziggurat |
| 8:42 | Crypt Fiend |
| 8:54 | Spirit Tower |
| 9:02 | Slaughterhouse |
| 9:19 | Crypt Fiend |
| 9:21 | Crypt Fiend |
| 9:24 | Acolyte |
| 9:41 | Dust of Appearance |
| 9:42 | Potion of Healing |
| 9:52 | Spirit Tower |
| 10:43 | Crypt Fiend |
| 10:51 | Black Arrow |
| 11:25 | Creature Attack |
| 11:35 | Obsidian Statue |
| 11:35 | Obsidian Statue |
| 12:54 | Obsidian Statue |
| 13:03 | Drunken Haze |
| 13:32 | Crypt Fiend |
| 13:37 | Life Drain |
| 14:31 | Acolyte |
| 14:31 | Acolyte |
| 14:31 | Acolyte |
| 14:32 | Acolyte |
| 14:48 | Ziggurat |
| 14:50 | Ziggurat |
| 15:12 | Improved Creature Attack |
| 15:45 | Burrow |
| 16:51 | Black Citadel |
| 16:54 | Spirit Tower |
| 17:02 | Gargoyle |
| 17:03 | Gargoyle |
| 17:11 | Ziggurat |
| 17:14 | Necropolis |
| 17:25 | Scroll of Town Portal |
| 17:26 | Lesser Clarity Potion |
| 17:31 | Potion of Healing |
| 17:40 | Gargoyle |
| 19:56 | Orb of Fire |
| 19:57 | Potion of Healing |
| 20:03 | Potion of Mana |
| 21:01 | Farm |
| 21:17 | Tree of Eternity |
| Select group | 352 |
| Right click | 312 |
| Select | 285 |
| Build/train/purchase | 86 |
| Misc. action | 61 |
| Assign group | 39 |
| Use ability | 33 |
| Item give/drop | 1 |
⇛